 Dungeon Crawl Stone Soup version 0.27.1-1-g398f81649c (console) character file.

Game seed: 9811277589839907765

184818 thromnambular the Warrior (level 19, -11/145 HPs)
             Began as a Djinni Summoner on Sept 11, 2021.
             Was the Champion of the Shining One.
             Killed by the air
             ... invoked by a wind drake
              (20 damage)
             ... on level 4 of the Shoals.
             The game lasted 02:23:21 (33843 turns).

thromnambular the Warrior (Djinni Summoner)        Turns: 33843, Time: 02:23:22

Health: -11/145    AC: 22    Str: 12    XL:     19   Next: 12%
Gold:   1334       EV: 17    Int: 22    God:    the Shining One [******] SH:  9 Dex: 15

rFire    + . .     SeeInvis .   D - +4 trishula (holy)
rCold    + + +     Faith    .   (no shield)
rNeg     + + +     Spirit   .   y - +0 ice dragon scales
rPois    ∞         Reflect  .   p - +2 helmet {Int+3}
rElec    .         Harm     .   X - +0 cloak {Stlth+}
rCorr    .         Rampage  .   S - +1 pair of gloves "Caopam" {+Inv}
Will     +....                  (boots unavailable)
Stlth    +.........             O - amulet of regeneration
HPRegen  1.34/turn              f - ring of protection from cold
MPRegen  0.00/turn              I - ring of Joy {rPois rC+ EV+4}

@: divinely shielded, flying, hasted, glowing, very quick
A: sickness immunity, fire resistance 2, cold vulnerability 1, float, innate
caster, hp casting, extra vitality 1
a: Renounce Religion, Evoke Invisibility, Divine Shield, Cleansing Flame, Summon
Divine Warrior


You were on level 4 of the Shoals.
You worshipped the Shining One.
The Shining One was exalted by your worship.
You visited 7 branches of the dungeon, and saw 32 of its levels.
You also visited: Gauntlet and Ice Cave.

You collected 2686 gold pieces.
You spent 1352 gold pieces at shops.

Inventory:

Hand Weapons
 i - a +0 lajatang of freezing
 n - a +4 spectral quarterstaff
 D - a +4 trishula of holy wrath (weapon)
Missiles
 w - 2 throwing nets
Armour
 l - a +0 crystal plate armour of cold resistance
 p - a +2 helmet of intelligence (worn)
 q - a +2 robe of fire resistance
 y - +0 ice dragon scales (worn)
 M - +1 acid dragon scales
 P - a +2 robe of willpower
 S - the +1 pair of gloves "Caopam" (worn) {+Inv}
   (You found it on level 11 of the Dungeon)

   +Inv:      It lets you turn invisible.
 X - a +0 cloak of stealth (worn)
Jewellery
 f - a ring of protection from cold (left hand)
 m - the amulet of Ebbairasi {Spirit Drain rF+ Int+6 Dex+4}
   (You found it on level 12 of the Dungeon)

   [amulet of guardian spirit]

   It causes incoming damage to be divided between your reserves of health and
   magic.
   Int:       It affects your intelligence (+6).
   Dex:       It affects your dexterity (+4).
   rF:        It protects you from fire.
   Drain:     It drains your maximum health when unequipped.
 o - a ring of resist corrosion
 G - a ring of ice
 I - the ring of Joy (right hand) {rPois rC+ EV+4}
   (You acquired it on level 9 of the Dungeon)

   [ring of evasion]

   EV:        It affects your evasion (+4).
   rC:        It protects you from cold.
   rPois:     It protects you from poison.
 O - an amulet of regeneration (around neck)
 W - a ring of see invisible
Wands
 t - a wand of paralysis (27)
 x - a wand of charming (7)
 A - a wand of flame (37)
 B - a wand of iceblast (25)
 J - a wand of mindburst (48)
 K - a wand of polymorph (45)
 N - a wand of digging (1)
 R - a wand of acid (17)
Scrolls
 e - 2 scrolls of magic mapping
 h - 4 scrolls of immolation
 j - 9 scrolls of identify
 s - 6 scrolls of vulnerability
 U - 4 scrolls of fog
 Y - 2 scrolls of holy word
Potions
 b - 4 potions of haste
 c - 8 potions of berserk rage
 d - 2 potions of invisibility
 k - 5 potions of attraction
 r - 6 potions of resistance
 u - 8 potions of brilliance
 v - 2 potions of might
 z - a potion of cancellation
 C - 5 potions of lignification
 H - 3 potions of mutation
Miscellaneous
 F - a phantom mirror (inert)
 L - a phial of floods
 Q - a box of beasts


   Skills:
 + Level 16.1 Fighting
 - Level 0.8(1.0) Short Blades
 - Level 0.6(1.0) Long Blades
 + Level 2.3(8.9) Polearms
 - Level 14.0 Staves
 + Level 13.7 Armour
 - Level 11.0 Dodging
 - Level 1.5 Stealth
 - Level 4.0 Shields
 + Level 11.1 Spellcasting
 - Level 9.0 Invocations


You couldn't memorise any spells.
You knew the following spells:

 Your Spells              Type           Power      Damage    Failure   Level
a - Summon Small Mammal   Summ           100%       N/A       1%          1
b - Call Imp              Summ           57%        N/A       1%          2
c - Call Canine Familiar  Summ           57%        N/A       1%          3
d - Summon Guardian Gole  Hex/Summ       57%        N/A       1%          3
e - Summon Lightning Spi  Summ/Air       57%        N/A       2%          4
f - Foxfire               Conj/Fire      100%       2x1d9     1%          1
g - Corpse Rot            Necr/Air       N/A        N/A       1%          2
h - Searing Ray           Conj           100%       3d7       1%          2
i - Lesser Beckoning      Tloc           28%        N/A       1%          3
j - Iskenderun's Battles  Conj           57%        2d11      6%          5
k - Fireball              Conj/Fire      28%        3d12      6%          5
l - Conjure Ball Lightni  Conj/Air       28%        3x3d8     34%         6
m - Starburst             Conj/Fire      28%        6d9       34%         6
n - Dispersal             Tloc           28%        N/A       34%         6
Your spell library was empty.

Dungeon Overview and Level Annotations

Branches:
Dungeon (15/15)            Temple (1/1) D:7            Lair (6/6) D:11
 Shoals (4/4) Lair:2        Snake (3/4) Lair:2        Slime (0/5) Lair:5
    Orc (2/2) D:9             Elf (1/3) Orc:2        Vaults (0/5) D:13
 Depths (0/5) D:15          IceCv (visited)         Gauntlet (visited)

Altars:
Ashenzari
Cheibriados
Dithmenos
Elyvilon
Fedhas
Gozag
Hepliaklqana
Kikubaaqudgha
Makhleb
Nemelex Xobeh
Okawaru
Qazlal
Ru
Sif Muna
Trog
Uskayaw
Vehumet
Wu Jian
Xom
Yredelemnul
Zin
The Shining One

Shops:
D:7 *   D:10 :   Orc:2 ([!:   Elf:1 (:[   Shoals:2 **

Annotations:
Lair:4 2 transporters, cahman's ghost, journeyman HOMo
Shoals:4 3 runed translucent doors, Arex's ghost, adept VSFi


Innate Abilities, Weirdness & Mutations

You are immune to sickness and miasma.
You are immune to poison.
Your flesh is very heat resistant. (rF++)
You are vulnerable to cold. (rC-)
You float through the air rather than walking.
You learn spells naturally, not from books.
Your magical power is your life essence.
You have superior vitality. (+4 HP)


Message History

Your daeva hits the merfolk with a +2 scimitar of holy wrath! x2
Your magical contamination has completely faded away.
The merfolk is engulfed in a cloud of scalding steam.
The merfolk hits you but does no damage.
Casting: Fireball (dangerous; 6% risk of failure)
Confirm with . or Enter, or press ? or * to list all spells.
You don't have enough health to cast this spell.
The merfolk hits you but does no damage.
Something bites your daeva but does no damage.
A merfolk comes into view. It is wielding a +0 trident.
The merfolk throws a boomerang.
The boomerang completely misses you. The merfolk closely misses you.
Aiming: Iceblast
Press: ? - help, Shift-Dir - straight line, f/p - merfolk
Aim: a merfolk, wielding a +0 trident and quivering boomerangs (grey smoke, water, heavily wounded, haloed)
The mass of ice explodes!
The iceblast engulfs the merfolk.
The merfolk is severely wounded.
The iceblast engulfs the merfolk!
You kill the merfolk!
You hear a splash. x2
The iceblast engulfs the sea snake!!
You kill the sea snake!
The merfolk is engulfed in a cloud of scalding steam.
A merfolk aquamancer comes into view. It is wielding a +0 rapier.
The merfolk is engulfed in a cloud of scalding steam.
The merfolk throws a boomerang.
The boomerang barely misses you.
Aiming: Iceblast
Press: ? - help, Shift-Dir - straight line, p - merfolk The mass of ice explodes!
The iceblast engulfs the merfolk!
The merfolk is almost dead.
The iceblast engulfs the merfolk!!
You kill the merfolk!
You hear a splash.
You hear a shout!
You hear an angry hiss.
Your daeva calls down the wrath of the Shining One upon the merfolk.
The merfolk is smitten.
The merfolk dies!
You hear a splash. x2
The wind drake flaps its wings at you. The air twists around and strikes you!!
You die...

≈≈≈≈≈≈≈≈≈############
≈≈≈≈≈≈≈≈≈≈≈≈≈≈≈≈≈≈≈≈#
≈≈≈≈≈≈≈≈≈≈≈≈≈≈≈≈≈≈≈≈#
≈≈≈≈≈≈≈≈≈≈≈≈≈≈≈≈≈≈≈≈#
≈≈≈≈≈≈≈≈≈≈≈≈≈≈≈≈≈≈≈≈#
,,,,≈≈≈≈≈≈≈≈≈≈≈≈≈≈≈≈#
≈≈***,≈≈≈≈≈≈≈≈≈≈@≈≈≈#
*****,≈≈≈≈≈≈≈≈≈≈≈≈≈≈#
***,***≈≈≈≈≈≈≈≈≈≈≈≈≈#
,≈,,,**≈≈≈≈≈≈≈≈≈≈≈≈≈#
*,*,***≈≈≈≈≈≈≈≈≈≈§m§#
,,,≈,**≈≈≈≈≈≈≈≈mm≈A§#
*,*,**≈.≈≈≈≈≈m≈≈≈§≈≈#
,≈,,,*≈.≈≈≈≈≈≈≈≈km§§#
***,*##.≈≈≈≈≈≈≈≈§≈§§#


You could see 2 merfolk aquamancers, a wind drake (repels missiles), 3 merfolk
and a friendly daeva (summoned).

Vanquished Creatures
  Rupert (D:13)
  Kirke (Shoals:2)
  A nagaraja (Snake:2)
  An orc warlord (Orc:1)
  A reaper (IceCv)
  A very ugly thing (D:15)
  A merfolk javelineer (Shoals:3)
  The ghost of karkarkar the Thaumaturge, a journeyman DrCj of Vehumet (Orc:2)
  5 merfolk impalers
  A great orb of eyes (D:15)
  Harold (D:7)
  5 naga warriors
  A vault guard (D:13)
  16 hydras
  2 boulder beetles
  Erolcha (D:9)
  5 merfolk avatars
  A centaur warrior (D:14)
  Erica (Orc:1)
  An anaconda (Snake:1)
  2 two-headed ogres
  A satyr (Shoals:3)
  A tengu warrior (D:11)
  A dancing weapon (Elf:1)
  4 orc high priests
  8 naga sharpshooters
  2 shock serpents
  2 large abominations (Gauntlet)
  Sonja (D:13)
  A deep elf knight (Elf:1)
  A fire crab (Gauntlet)
  2 skeletal warriors (D:14)
  9 sea snakes
  A sea snake (shapeshifter) (D:15)
  10 harpies
  A phantasmal warrior (D:11)
  A deep elf zephyrmancer (Elf:1)
  5 salamanders
  2 oklob plants
  4 orc knights
  A necromancer (D:15)
  2 wolf spiders (D:12)
  4 mana vipers
  14 fauns
  6 orc sorcerers
  4 ugly things (D:15)
  4 deep elf pyromancers
  An orb spider (shapeshifter) (D:12)
  3 manticores
  6 cyclopes
  4 water nymphs
  5 merfolk sirens
  5 naga magi
  24 black mambas
  7 elephants
  A cane toad (shapeshifter) (D:14)
  A guardian serpent (Snake:2)
  Maurice (Orc:1)
  Maggie (D:8)
  12 cane toads
  2 yaktaurs (D:11)
  2 rime drakes (Lair:6)
  3 unseen horrors
  8 komodo dragons
  3 freezing wraiths
  2 entropy weaver simulacra (IceCv)
  6 polar bears
  3 trolls
  19 merfolk
  A meliai (D:12)
  5 wind drakes
  A jumping spider (shapeshifter) (D:11)
  4 hornets (Lair:6)
  3 snapping turtles
  12 dream sheep
  Grinder (D:3)
  17 blink frogs
  A raiju (Gauntlet)
  16 slime creatures
  2 wraiths
  2 spriggan simulacra (IceCv)
  A shadow (D:12)
  7 water elementals
  12 spriggans (Lair:6)
  6 wyverns
  A fire elemental (Elf:1)
  5 hogs (Shoals:2)
  A fire bat (Gauntlet)
  45 yaks
  A steam dragon (Gauntlet)
  4 basilisks
  6 vampire mosquitoes
  3 small abominations (Gauntlet)
  2 acid dragons
  31 nagas
  A harpy simulacrum (IceCv)
  3 wargs
  14 water moccasins
  A meliai simulacrum (D:14)
  2 ice beasts
  7 black bears
  18 orc warriors
  An alligator simulacrum (IceCv)
  A sky beast (D:7)
  3 necrophages
  3 boggarts (Lair:6)
  An ogre (D:7)
  12 centaurs
  20 wolves
  12 bullfrogs
  A scorpion (D:7)
  A gnoll sergeant (D:13)
  A water moccasin zombie (D:7)
  A deep troll simulacrum (IceCv)
  3 water moccasin skeletons
  A wyvern skeleton (D:5)
  5 jellies
  7 wights
  15 killer bees
  8 howler monkeys
  A bullfrog zombie (D:6)
  5 centaur zombies
  3 hounds
  2 centaur skeletons
  7 orc priests
  2 bullfrog skeletons
  Ijyb (D:5)
  Jessica (D:3)
  3 iguanas
  Terence (D:2)
  14 orc wizards
  11 hell rats (Lair:5)
  3 killer bee zombies
  2 hound skeletons
  12 gnolls
  8 adders
  A white imp (D:5)
  3 nameless horrors
  4 worms
  2 dart slugs
  29 orcs
  6 ball pythons
  5 endoplasms
  5 giant cockroaches
  9 goblins
  7 hobgoblins
  4 jackals (D:2)
  5 quokkas
  6 bats
  5 frilled lizards
  13 kobolds
  8 rats
781 creatures vanquished.

Vanquished Creatures (collateral kills)
  Jorgrun (D:13)
  A nagaraja (Snake:2)
  Aizul (Shoals:3)
  An orc warlord (Orc:1)
  A reaper (IceCv)
  A very ugly thing (IceCv)
  A minotaur (Gauntlet)
  A merfolk javelineer (Shoals:2)
  Josephine (Snake:1)
  A naga warrior (Snake:2)
  5 vault guards (D:13)
  2 boulder beetles
  2 hydras
  A merfolk aquamancer (Shoals:2)
  2 anacondas
  2 two-headed ogres
  A death knight (D:13)
  An orc high priest (Orc:2)
  A shock serpent (Snake:2)
  3 naga sharpshooters
  A deep elf knight (Elf:1)
  4 skeletal warriors
  A sea snake (Shoals:4)
  2 naga ritualists
  2 salamander mystics (Snake:2)
  An obsidian statue (IceCv)
  An orange crystal statue (IceCv)
  A deep elf archer (Elf:1)
  A deep elf pyromancer (Elf:1)
  An orc knight (D:15)
  2 mana vipers
  6 ugly things (D:15)
  5 fauns
  A wolf spider zombie (D:15)
  An orc sorcerer (Orc:2)
  A harpy (Shoals:2)
  3 oklob plants
  2 manticores
  4 black mambas
  An elephant (Lair:2)
  2 merfolk sirens
  2 naga magi (Snake:2)
  A centaur skeleton (D:15)
  A cane toad (Lair:5)
  A komodo dragon (Lair:6)
  Psyche (D:8)
  A rime drake (Lair:4)
  3 guardian mummies (D:15)
  2 ice devils (IceCv)
  2 freezing wraiths (IceCv)
  2 entropy weaver simulacra (IceCv)
  2 merfolk
  A polar bear (Lair:5)
  4 slime creatures
  A blink frog (Lair:6)
  A dream sheep (Lair:6)
  A dire elephant simulacrum (IceCv)
  A wraith (Snake:1)
  A spriggan (Lair:6)
  2 yaks (Lair:3)
  2 fire bats (Gauntlet)
  A minotaur simulacrum (IceCv)
  A basilisk (Lair:2)
  2 vampire mosquitoes (D:13)
  9 nagas
  A warg (Orc:1)
  A harpy simulacrum (IceCv)
  A floating eye (Lair:3)
  A hornet zombie (D:15)
  8 orc warriors
  A boggart (Lair:6)
  4 wolves (Lair:6)
  2 centaurs (D:14)
  An orc priest (D:15)
  6 orc wizards
  An iguana (D:6)
  4 mummies (D:15)
  2 gnolls (D:13)
  A dart slug (D:1)
  9 orcs
  2 endoplasms (D:1)
  A goblin (D:1)
  A kobold (D:1)
  A ball lightning (Shoals:3)
  8 foxfires
174 creatures vanquished.

Vanquished Creatures (others)
  Frances (Snake:1)
  A reaper (IceCv)
  A hydra (Lair:3)
  2 vault guards (D:13)
  2 naga warriors (Snake:1)
  A satyr (Shoals:3)
  A naga sharpshooter (Snake:2)
  A shock serpent (Snake:2)
  A wizard (D:15)
  2 orc knights (Orc:2)
  A slime creature (D:14)
  An oklob plant (Lair:5)
  An ugly thing (D:15)
  A black mamba (Snake:1)
  A cane toad (Lair:3)
  A rime drake (Lair:5)
  A guardian mummy (D:15)
  2 freezing wraiths (IceCv)
  An entropy weaver simulacrum (IceCv)
  An anaconda simulacrum (IceCv)
  An ice devil (IceCv)
  A wolf spider simulacrum (D:15)
  A spriggan simulacrum (IceCv)
  A dire elephant simulacrum (IceCv)
  A wraith (Snake:1)
  A human (Shoals:3)
  A warg (Orc:2)
  A minotaur simulacrum (IceCv)
  A naga (Snake:2)
  A centaur (D:14)
  An orc priest (Orc:2)
  16 ball lightnings
  A butterfly (D:13)
  731 foxfires
  37 fungi
  103 plants
  9 tentacles (Shoals:1)
932 creatures vanquished.

Grand Total: 1887 creatures vanquished

Notes
Turn   | Place    | Note
-------+----------+-------------------------------------------
     0 | D:1      | thromnambular the Djinni Summoner began the quest for the
                  | Orb.
     0 | D:1      | Reached XP level 1. HP: 15/15 MP: 0/0
   879 | D:1      | Reached XP level 2. HP: 21/21 MP: 0/0
  1247 | D:1      | Found a faded altar of an unknown god.
  1254 | D:1      | Became a worshipper of the Shining One
  1254 | D:1      | Reached * piety under the Shining One
  1277 | D:1      | Reached XP level 3. HP: 26/26 MP: 0/0
  1277 | D:1      | Learned a level 1 spell: Foxfire
  1427 | D:1      | Reached skill level 1 in Fighting
  1936 | D:2      | Reached skill level 1 in Shields
  2073 | D:2      | Noticed Terence
  2090 | D:2      | Reached XP level 4. HP: 17/32 MP: 0/0
  2618 | D:2      | Killed Terence
  2691 | D:2      | Reached XP level 5. HP: 37/38 MP: 0/0
  2691 | D:2      | Learned a level 2 spell: Corpse Rot
  2855 | D:3      | Noticed a necrophage
  2931 | D:3      | Killed a necrophage
  2932 | D:3      | Reached skill level 2 in Fighting
  2932 | D:3      | Reached skill level 1 in Staves
  2932 | D:3      | Reached XP level 6. HP: 40/44 MP: 0/0
  2985 | D:3      | Noticed a water moccasin
  2995 | D:3      | Killed a water moccasin
  3085 | D:3      | Noticed Jessica
  3088 | D:3      | Noticed Grinder
  3088 | D:3      | Reached ** piety under the Shining One
  3245 | D:3      | Killed Jessica
  3272 | D:3      | Found a blossoming altar of Fedhas.
  3429 | D:3      | Reached XP level 7. HP: 47/49 MP: 0/0
  3429 | D:3      | Learned a level 2 spell: Searing Ray
  3432 | D:3      | Reached skill level 3 in Fighting
  3670 | D:3      | Found a sparkling altar of Nemelex Xobeh.
  3683 | D:3      | Killed Grinder
  3710 | D:3      | Found a bloodstained altar of Trog.
  3710 | D:3      | Found an ornate altar of the Wu Jian Council.
  3712 | D:3      | Found a shimmering altar of Xom.
  3712 | D:3      | Found a glowing golden altar of the Shining One.
  3712 | D:3      | Found a sparkling altar of Nemelex Xobeh.
  3776 | D:4      | Found a shadowy altar of Dithmenos.
  3967 | D:4      | HP: 2/50 [ice beast (18)]
  4602 | D:4      | Reached XP level 8. HP: 57/58 MP: 0/0
  4790 | D:4      | Reached skill level 4 in Fighting
  4790 | D:4      | Reached skill level 5 in Dodging
  5208 | D:5      | Entered Level 5 of the Dungeon
  5250 | D:5      | Noticed Ijyb
  5257 | D:5      | Killed Ijyb
  5574 | D:5      | Found a glowing golden altar of the Shining One.
  5579 | D:5      | Reached skill level 5 in Fighting
  5579 | D:5      | Reached XP level 9. HP: 64/65 MP: 0/0
  5579 | D:5      | Learned a level 3 spell: Lesser Beckoning
  6362 | D:6      | Reached *** piety under the Shining One
  6940 | D:7      | Reached skill level 5 in Staves
  7060 | D:7      | Found Zaet's Assorted Antiques.
  7072 | D:7      | Bought a scroll labelled XISUMO GURCHY for 30 gold pieces
  7072 | D:7      | Bought a scroll labelled RUFUUL DIPPUE for 30 gold pieces
  7072 | D:7      | Bought a scroll of identify for 60 gold pieces
  7072 | D:7      | Bought a smoky orange potion for 27 gold pieces
  7072 | D:7      | Bought a scroll of identify for 60 gold pieces
  7072 | D:7      | Bought a green potion for 27 gold pieces
  7124 | D:7      | Reached skill level 6 in Fighting
  7314 | D:7      | Noticed Harold
  7358 | D:7      | Killed Harold
  7359 | D:7      | Reached skill level 5 in Spellcasting
  7359 | D:7      | Reached XP level 10. HP: 53/73 MP: 0/0
  7497 | D:7      | Found a staircase to the Ecumenical Temple.
  7524 | Temple   | Entered the Ecumenical Temple
  8105 | D:8      | Reached skill level 7 in Fighting
  8346 | D:8      | Noticed Psyche
  8354 | D:8      | Killed Psyche
  8819 | D:8      | Noticed Maggie
  8833 | D:8      | Killed Maggie
  8834 | D:8      | Reached skill level 1 in Invocations
  9118 | D:9      | Found a staircase to the Orcish Mines.
  9161 | D:9      | Reached skill level 1 in Armour
  9196 | D:9      | Found a basalt altar of Yredelemnul.
  9240 | D:9      | Found a glowing silver altar of Zin.
  9310 | D:9      | Found a sacrificial altar of Ru.
  9375 | D:9      | Found a broken altar of Ashenzari.
  9379 | D:9      | Identified a scroll of acquirement
  9379 | D:9      | Acquired the ring of Joy {rPois rC+ EV+4}
  9416 | D:9      | Noticed Erolcha
  9422 | D:9      | Reached **** piety under the Shining One
  9700 | D:9      | Killed Erolcha
  9786 | D:9      | Found a sparkling altar of Nemelex Xobeh.
  9944 | D:9      | Reached XP level 11. HP: 80/80 MP: 0/0
  9944 | D:9      | Learned a level 5 spell: Iskenderun's Battlesphere
 10239 | D:10     | Entered Level 10 of the Dungeon
 10340 | D:10     | Reached skill level 8 in Fighting
 10403 | D:10     | Found Adaxzuz's Book Emporium.
 10972 | D:10     | Noticed a two-headed ogre
 10988 | D:10     | Killed a two-headed ogre
 11252 | D:10     | You are sucked into a shaft and drop 3 floors!
 11262 | D:13     | Noticed Sonja
 11270 | D:13     | Noticed Jorgrun
 11309 | D:13     | Killed Jorgrun
 11314 | D:13     | Noticed a vault guard
 11314 | D:13     | Killed Sonja
 11315 | D:13     | Reached skill level 9 in Fighting
 11315 | D:13     | Reached skill level 5 in Armour
 11325 | D:13     | Noticed a death knight
 11472 | D:14     | Noticed a centaur warrior
 11475 | D:14     | Reached ***** piety under the Shining One
 11491 | D:14     | Killed a centaur warrior
 11492 | D:14     | Reached XP level 12. HP: 51/89 MP: 0/0
 11666 | D:13     | Noticed a vault guard
 11668 | D:13     | Noticed a vault guard
 11816 | D:11     | Noticed a two-headed ogre
 11826 | D:11     | Killed a two-headed ogre
 12257 | D:10     | Found a bloodstained altar of Trog.
 12257 | D:10     | Found a stormy altar of Qazlal.
 12265 | D:10     | Found a faded altar of an unknown god.
 12267 | D:10     | Found a faded altar of an unknown god.
 12268 | D:10     | Found a hide-covered altar of Uskayaw.
 12357 | D:10     | Reached skill level 10 in Fighting
 12597 | D:11     | Found a staircase to the Lair.
 12676 | D:11     | Noticed a tengu warrior
 12698 | D:11     | Killed a tengu warrior
 12781 | D:11     | Reached XP level 13. HP: 83/96 MP: 0/0
 12781 | D:11     | Learned a level 5 spell: Fireball
 12781 | D:11     | Identified the +12 hand axe of Paxups {speed, rElec rPois
                  | rN+ Str+4}
 12783 | D:11     | Identified the +1 pair of gloves "Caopam" {+Inv}
 12887 | Lair:1   | Entered Level 1 of the Lair of Beasts
 13010 | Lair:1   | Noticed a six-headed hydra
 13021 | Lair:1   | Killed a six-headed hydra
 13381 | Lair:1   | Found a gate leading to a gauntlet.
 13415 | Gauntlet | Entered a Gauntlet
 13415 | Gauntlet | Found a transporter.
 13420 | Gauntlet | Found a transporter.
 13428 | Gauntlet | Reached skill level 5 in Invocations
 13428 | Gauntlet | Found a transporter.
 13428 | Gauntlet | Found a transporter.
 13440 | Gauntlet | Identified the +2 pair of boots of Ornamental Wonder {rElec
                  | Str+3}
 13441 | Gauntlet | Found a transporter.
 13458 | Gauntlet | Found a transporter.
 13464 | Gauntlet | Noticed a great orb of eyes
 13470 | Gauntlet | Found a transporter.
 13517 | Gauntlet | Found a transporter.
 13554 | Gauntlet | Found a transporter.
 13557 | Gauntlet | Noticed a dire elephant
 13580 | Gauntlet | Found a transporter.
 13634 | Gauntlet | Found a transporter.
 13672 | Gauntlet | Noticed a minotaur
 13690 | Gauntlet | Killed a minotaur
 14056 | Lair:2   | Noticed a five-headed hydra
 14065 | Lair:2   | Killed a five-headed hydra
 14066 | Lair:2   | Reached skill level 10 in Staves
 14070 | Lair:2   | Reached skill level 11 in Fighting
 14103 | Lair:2   | Found a staircase to the Snake Pit.
 14235 | Lair:2   | Found a staircase to the Shoals.
 14594 | Lair:2   | Noticed a four-headed hydra
 14601 | Lair:2   | Killed a four-headed hydra
 14691 | Lair:2   | Noticed an eight-headed hydra
 14700 | Lair:2   | Killed an eight-headed hydra
 14866 | Lair:2   | Noticed a seven-headed hydra
 14872 | Lair:2   | Killed a seven-headed hydra
 15153 | Lair:3   | Noticed a seven-headed hydra
 15162 | Lair:3   | Killed a seven-headed hydra
 15178 | Lair:3   | Reached XP level 14. HP: 104/105 MP: 0/0
 15242 | Lair:3   | Identified the +4 ring mail of Indecent Exposure {rPois
                  | Str+2}
 15383 | Lair:3   | Paralysed by a floating eye for 3 turns
 16169 | Lair:4   | Noticed cahman's ghost (journeyman HOMo)
 16169 | Lair:4   | Found a bloodstained altar of Trog.
 16206 | Lair:4   | Found a transporter.
 16211 | Lair:4   | Found a transporter.
 16328 | Lair:4   | You are sucked into a shaft and drop 2 floors!
 16328 | Lair:6   | Entered Level 6 of the Lair of Beasts
 16373 | Lair:5   | Reached skill level 12 in Fighting
 16522 | Lair:5   | Reached skill level 10 in Armour
 17241 | Lair:5   | Found a staircase to the Slime Pits.
 17421 | Lair:5   | Reached ****** piety under the Shining One
 17964 | Lair:6   | Reached XP level 15. HP: 106/113 MP: 0/0
 17964 | Lair:6   | Learned a level 6 spell: Conjure Ball Lightning
 18716 | Lair:6   | Reached skill level 13 in Fighting
 19424 | Orc:1    | Entered Level 1 of the Orcish Mines
 19443 | Orc:1    | Noticed Maurice
 19451 | Orc:1    | Killed Maurice
 19513 | Orc:1    | Noticed Erica
 19527 | Orc:1    | Killed Erica
 19533 | Orc:1    | Found a bloodstained altar of Trog.
 19565 | Orc:2    | Entered Level 2 of the Orcish Mines
 19572 | Orc:2    | Noticed an orc warlord
 19573 | Orc:2    | Noticed an orc warlord
 19664 | Orc:1    | Killed an orc warlord
 19749 | Orc:1    | Killed an orc warlord
 20114 | Orc:2    | Found a staircase to the Elven Halls.
 20516 | Orc:2    | Found Peinkall's Book Boutique.
 20520 | Orc:2    | Found Sawanox's Armour Emporium.
 20557 | Orc:2    | Found Epnofytu's Distillery.
 20558 | Orc:2    | Found Weniruto's Weapon Emporium.
 20568 | Orc:2    | Bought a potion of haste for 130 gold pieces
 20568 | Orc:2    | Bought a potion of curing for 39 gold pieces
 20568 | Orc:2    | Bought a potion of haste for 130 gold pieces
 20568 | Orc:2    | Bought a potion of curing for 39 gold pieces
 20568 | Orc:2    | Bought a potion of heal wounds for 65 gold pieces
 20568 | Orc:2    | Bought a potion of mutation for 104 gold pieces
 20659 | Orc:2    | Found a runed translucent gate.
 20659 | Orc:2    | Found a runed translucent gate.
 20659 | Orc:2    | Found a runed translucent gate.
 20663 | Orc:2    | Noticed karkarkar's ghost (journeyman DrCj)
 20678 | Orc:2    | Killed karkarkar's ghost
 20845 | Elf:1    | Entered Level 1 of the Elven Halls
 20871 | Elf:1    | Reached XP level 16. HP: 121/121 MP: 0/0
 21239 | Elf:1    | Found Cogepobb's Antique Armour Shoppe.
 21241 | Elf:1    | Found Puvef's Book Emporium.
 21244 | Elf:1    | Found Qonkiof's Antique Weapon Shoppe.
 21251 | Elf:1    | Bought a lajatang for 540 gold pieces
 21550 | D:11     | Reached skill level 10 in Dodging
 22240 | D:12     | Identified the amulet of Ebbairasi {Spirit Drain rF+ Int+6
                  | Dex+4}
 22337 | D:12     | Found a stormy altar of Qazlal.
 22546 | D:13     | Found a white marble altar of Elyvilon.
 22616 | D:13     | Noticed Rupert
 22632 | D:13     | HP: 3/122 [Rupert (40)]
 22718 | D:13     | Killed Rupert
 22836 | D:13     | Found a gate to the Vaults.
 23170 | D:14     | Reached skill level 14 in Fighting
 24074 | D:15     | Entered Level 15 of the Dungeon
 24140 | D:15     | Found a frozen archway.
 24144 | IceCv    | Entered an ice cave
 25034 | D:15     | Reached XP level 17. HP: 72/129 MP: 0/0
 25034 | D:15     | Learned a level 6 spell: Starburst
 25438 | D:15     | Paralysed by a great orb of eyes for 7 turns
 25747 | D:15     | Found a staircase to the Depths.
 26046 | Snake:1  | Entered Level 1 of the Snake Pit
 26111 | Lair:2   | You are sucked into a shaft and drop 1 floor!
 27158 | Snake:1  | Noticed Frances
 27580 | Snake:1  | Killed Frances
 27776 | Snake:1  | Reached skill level 10 in Spellcasting
 27864 | Snake:1  | Noticed Josephine
 27891 | Snake:1  | Killed Josephine
 28429 | Snake:2  | Found an iron altar of Okawaru.
 28678 | Snake:2  | Reached skill level 15 in Fighting
 28992 | Snake:2  | You are sucked into a shaft and drop 1 floor!
 29108 | Snake:2  | Reached XP level 18. HP: 67/138 MP: 0/0
 29707 | Snake:2  | HP: 1/138 [naga sharpshooter/bolt (19)]
 30337 | Shoals:1 | Entered Level 1 of the Shoals
 30450 | Shoals:1 | Identified the +0 robe "Yfuss" {Str+2 Stlth+}
 30568 | Shoals:1 | Noticed a kraken
 30585 | Shoals:1 | HP: 6/138 [tentacle[a kraken] (17)]
 30587 | Shoals:1 | The Shining One protects you from harm!
 30590 | Shoals:1 | HP: 5/138 [tentacle[a kraken] (6)]
 30591 | Shoals:1 | The Shining One protects you from harm!
 30592 | Shoals:1 | HP: 1/138 [tentacle[a kraken] (12)]
 31647 | Shoals:2 | Found Plog's General Store.
 31649 | Shoals:2 | Found Cuinef's Specific Store.
 31671 | Shoals:2 | Bought a potion of curing for 33 gold pieces
 31671 | Shoals:2 | Bought a scroll of magic mapping for 38 gold pieces
 31734 | Shoals:3 | Noticed Kirke
 32131 | Shoals:2 | Killed Kirke
 32335 | Shoals:3 | Identified a +4 trishula of holy wrath (a +2 demon trident
                  | blessed by the Shining One)
 32335 | Shoals:3 | Received a gift from the Shining One
 32633 | Shoals:4 | Entered Level 4 of the Shoals
 32654 | Shoals:4 | Noticed Aizul
 32689 | Shoals:4 | Reached skill level 16 in Fighting
 32705 | Shoals:3 | Reached skill level 1 in Polearms
 32705 | Shoals:3 | Killed Aizul
 33257 | Shoals:3 | Reached XP level 19. HP: 76/145 MP: 0/0
 33257 | Shoals:3 | Learned a level 6 spell: Dispersal
 33799 | Shoals:4 | Found a runed translucent gate.
 33799 | Shoals:4 | Found a runed translucent gate.
 33799 | Shoals:4 | Found a runed translucent gate.
 33801 | Shoals:4 | Noticed Arex's ghost (adept VSFi)
 33829 | Shoals:4 | The Shining One protects you from harm!
 33832 | Shoals:4 | HP: 5/145 [sea snake (1)]
 33843 | Shoals:4 | Killed from afar by a wind drake

Illustrated notes

Levels and vault maps discovered:
D:1:      minmay_arrival_nine_rooms, layout_loops_ring, basic_ecumenical_altar
D:2:      layout_loops_cross, chequers_serial_rivers_micro_a, uniq_terence
D:3:      layout_rooms, fedhas_altar_2, doesnt_xom_only_xom, uniq_grinder,
          uniq_jessica
D:4:      layout_loops_corners, nicolae_dithmenos_shadow_blocks
D:5:      layout_basic, nicolae_overflow_crystal_walls, gup_sewer_entry_spiral,
          uniq_ijyb
D:6:      layout_cave_pools
D:7:      layout_rooms, temple_fountains, serial_shops, shop_fountains,
          uniq_harold
D:8:      layout_layer_cave, uniq_psyche, uniq_maggie
D:9:      layout_loops_ring, old_standard_altar,
          nicolae_overflow_quartered_altars, nemelex_spade_bored_becter,
          orc_0_dummy, skrybe_limestone_x, kennysheep_generic_room_6,
          uniq_erolcha
D:10:     layout_stronghold, chequers_temple_overflow_minitemple, serial_shops,
          shop_fountains
D:11:     layout_loops_cross, lair_entry_dummy, minmay_evil_grid
D:12:     minmay_the_grid_four_pointed_star
          [minmay_the_grid_triangle_9x9_warning,
          minmay_the_grid_triangle_9x9_minimal,
          minmay_the_grid_triangle_9x9_descending_squares,
          minmay_the_grid_triangle_9x9_windchime,
          minmay_the_grid_prize_trominoes], layout_rooms, enter_bailey_5,
          serial_glass, glass_columns_b, glass_columns_b, glass_columns_a,
          glass_columns_c, glass_columns_a, due_unseen_surprise,
          item_on_display_a, nicolae_qazlal_eye_of_the_storm
D:13:     layout_cave_pools, erik_vaults_2, nicolae_elyvilon_peaceful_grove,
          uniq_rupert, uniq_jorgrun, uniq_sonja
D:14:     layout_layer_cave
D:15:     gammafunk_enter_depths_forms, layout_cave_pools,
          portal_ice_cave_entry_pillars_four, serial_park_avenue1,
          minmay_guarded_unrand_curses
Temple:   nicolae_temple_figure_zero
Lair:1:   layout_chaotic_city, gauntlet_entry_generic, minivault_25
Lair:2:   layout_concentric_octagons, minmay_shoals_entry_lonely_mermaid,
          minmay_snake_entry_guardpost_small, bh_autumn_forest_stairs
Lair:3:   layout_long_grid, minmay_stone_trees_small, disabler_island
Lair:4:   layout_long_grid, gammafunk_ghost_wrathful_warriors
Lair:5:   layout_gridlike, minmay_slime_entry_oklob_enclosed,
          minmay_shattered_shrine, grunt_megastairs_2
Lair:6:   minmay_lair_end_enchanted_forest, layout_cave_pods,
          infiniplex_staircase_pool
Shoals:1: layout_shoals
Shoals:2: layout_shoals, nicolae_specific_store
Shoals:3: cheibrodos_shoals_oceanic_diplomacy, layout_shoals,
          nicolae_shoals_arrival_archipelago, uniq_kirke
Shoals:4: shoals_end_grunt_ice, layout_shoals, gammafunk_ghost_tricky_traps,
          uniq_aizul
Snake:1:  layout_misc_corridors, grunt_ministairs_9, st_stairs_9,
          grunt_megastairs_5, uniq_frances, uniq_josephine
Snake:2:  nicolae_snake_crotalidae_crossing, layout_misc_corridors, basic_altar,
          nicolae_snake_storage_room
Snake:3:  layout_chambers
Orc:1:    layout_caves, basic_altar, uniq_urug, uniq_erica, uniq_maurice
Orc:2:    st_orc_elflike, layout_diamond_mine, gammafunk_ghost_split
Elf:1:    nicolae_elf_arrival_no_cutting_in_line, layout_gridlike,
          evilmike_minifort, minmay_shop_star

Skill      XL: |  1  2  3  4  5  6  7  8  9 10 11 12 13 14 15 16 17 18 19 |
---------------+----------------------------------------------------------+-----
Fighting       | 1 2 3 5 6 7 9 10 11 12 13 14 15 16 | 16.1
Shields        | 1 2 3 4 |  4.0
Dodging        | 3 4 5 7 8 9 10 11 | 11.0
Staves         | 1 2 3 4 5 6 8 9 10 11 12 13 14 | 14.0
Spellcasting   | 4 5 6 7 8 9 10 11 | 11.1
Invocations    | 2 3 4 6 8 9 |  9.0
Armour         | 2 5 7 9 10 11 12 13 | 13.7
Polearms       | 1 2 |  2.3
Short Blades   | |  0.8
Long Blades    | |  0.6
Stealth        | |  1.5

Action                   |  1- 3 |  4- 6 |  7- 9 | 10-12 | 13-15 | 16-18 | 19-21 || total
-------------------------+-------+-------+-------+-------+-------+-------+-------++-------
Melee: Dagger            |    51 |       |       |       |       |       |       ||    51
       Short sword       |     7 |       |       |       |       |       |       ||     7
       Falchion          |     2 |       |       |       |       |       |       ||     2
       Quarterstaff      |       |    24 |   109 |   291 |   771 |    37 |       ||  1232
       Lajatang          |       |       |       |       |       |   891 |       ||   891
       Trishula          |       |       |       |       |       |    49 |    43 ||    92
Throw: Throwing net      |       |       |     2 |       |       |       |       ||     2
 Cast: Summon Small Mamm |    11 |     2 |       |       |       |     2 |       ||    15
       Foxfire           |    28 |    56 |   118 |    68 |   124 |    60 |       ||   454
       Summon Lightning  |       |     1 |     2 |    12 |    80 |   124 |     2 ||   221
       Call Canine Famil |       |     1 |     1 |     4 |     3 |     8 |       ||    17
       Searing Ray       |       |       |     1 |       |       |     3 |       ||     4
       Summon Guardian G |       |       |     1 |     4 |    21 |    53 |       ||    79
       Fireball          |       |       |       |       |     7 |   173 |    25 ||   205
       Iskenderun's Batt |       |       |       |       |       |     5 |       ||     5
       Starburst         |       |       |       |       |       |     8 |     1 ||     9
       Conjure Ball Ligh |       |       |       |       |       |     5 |     1 ||     6
Invok: Divine Shield     |       |       |       |     2 |     1 |     4 |     1 ||     8
       Summon Divine War |       |       |       |       |     2 |     3 |     1 ||     6
       Brand Weapon With |       |       |       |       |       |     1 |       ||     1
Evoke: Wand              |       |       |       |     7 |       |     5 |     2 ||    14
       Phantom mirror    |       |       |       |       |       |       |     1 ||     1
  Use: Scroll            |     3 |     1 |    10 |    14 |    11 |    15 |     2 ||    56
       Potion            |       |       |       |     4 |     3 |    19 |     2 ||    28
 Stab: Sleeping          |     1 |       |       |       |       |       |       ||     1
Armor: Robe              |    16 |     6 |    17 |     9 |       |       |       ||    48
       Swamp dragon scal |       |       |       |    57 |       |       |       ||    57
       Acid dragon scale |       |       |       |    10 |   168 |   157 |       ||   335
       Ice dragon scales |       |       |       |       |       |   239 |    40 ||   279
Dodge: Dodged            |    39 |    13 |    66 |   305 |   596 |  1013 |    49 ||  2081
Block: Other             |       |       |       |     6 |     3 |    10 |     1 ||    20
       Rpst.: Falchion   |     1 |     1 |       |       |       |       |       ||     2
